AoeStats
← Hector

Socotra

506423091Analyzed
4v4 RM · 18d ago on Sep 13, 2026· 30m 58s· 8 players
Game mode
Random Map
Map size
148×148
Population
200
Speed
Normal
Resources
Standard
Victory
Conquest
Starting age
Dark Age
Ending age
Imperial Age
RankedLock teamsTeams togetherTeam positionsShared explorationLock speedFull tech treeHidden civsTurbo modeCheats
Victory
Defeat
🇬🇧 Koreans · United Kingdom
1436
+13
🇦🇹 Ethiopians · Austria
1361
+16
🇺🇸 Vietnamese · United States
1360
+16
🇦🇷 Mongols · Argentina
1359
+16
🇹🇼 Japanese · Taiwan
1402
-17
🇹🇼 Inca · Taiwan
1390
-16
🇨🇳 Khitans · China
1346
-15
🇨🇱 Koreans · Chile
1315
-13
Hector
6:39 Loom
9:05 Feudal Age
14:48 Double-Bit Axe
14:57 Fletching
16:17 Double-Bit Axe
17:41 Horse Collar
23:13 Castle Age
22:22 Gold Mining
22:46 Padded Archer Armor
24:03 Bodkin Arrow
23:28 Crossbowman
25:37 Leather Archer Armor
28:40 Thumb Ring
Catastrophic
1:21 Loom
10:50 Feudal Age
14:44 Fletching
14:47 Horse Collar
23:57 Castle Age
24:04 Crossbowman
24:43 Bodkin Arrow
26:01 Double-Bit Axe
28:46 Ballistics
TheLowercasee
8:17 Loom
10:37 Feudal Age
13:20 Town Watch
15:52 Fletching
18:24 Horse Collar
20:51 Wheelbarrow
22:08 Double-Bit Axe
25:31 Castle Age
23:31 Stone Mining
25:34 Scale Barding Armor
26:36 Chain Barding Armor
26:20 Gold Mining
27:17 Forging
27:56 Bloodlines
28:45 Bodkin Arrow
ELCOCHINOTE
6:37 Loom
8:30 Feudal Age
6:45 Loom
9:27 Double-Bit Axe
26:10 Castle Age
25:06 Bloodlines
25:03 Scale Barding Armor
25:53 Forging
26:23 Horse Collar
27:36 Chain Barding Armor
LEÑA
5:19 Loom
9:45 Feudal Age
23:06 Fletching
28:49 Castle Age
30:07 Bodkin Arrow
29:35 Elite Skirmisher
2手下留情1
2:43 Loom
13:34 Feudal Age
13:40 Champi Runner
17:28 Double-Bit Axe
18:06 Gold Mining
19:17 Scale Mail Armor
22:43 Forging
28:05 Castle Age
26:51 Horse Collar
27:15 Fletching
29:36 Squires
29:58 Chain Mail Armor
好好好吃蛋餅
6:57 Loom
9:42 Feudal Age
11:23 Double-Bit Axe
16:19 Horse Collar
18:21 Scale Barding Armor
24:49 Castle Age
23:23 Forging
23:47 Bloodlines
24:44 Gold Mining
26:55 Chain Barding Armor
27:15 Husbandry
28:03 Light Cavalry
28:48 Heavy Plow
29:02 Bow Saw
The Long Dark
6:25 Loom
8:57 Feudal Age
10:03 Double-Bit Axe
15:38 Forging
17:03 Domestication
18:27 Scale Barding Armor
25:03 Castle Age
24:06 Gold Mining
25:08 Light Cavalry
25:51 Husbandry
26:17 Chain Barding Armor
27:07 Iron Casting
Connection lost

Rejoining the realm…

Still unreachable

The connection could not be restored.

Session expired

The server has moved on; the page needs a fresh start.